 Dungeon Crawl Stone Soup version 0.22-a0-362-g535178c (console) character file.

70496 stickyfingers the Carver (level 15, -1/103 HPs)
             Began as a Halfling Conjurer on Apr 21, 2018.
             Was a High Priest of Elyvilon.
             Slain by a sun demon (15 damage)
             ... summoned by an orc sorcerer
             ... while paralysed by an orc sorcerer
             ... on level 1 of the Orcish Mines.
             The game lasted 02:03:54 (27298 turns).

stickyfingers the Carver (Halfling Conjurer)       Turns: 27298, Time: 02:03:55

Health: -1/103     AC: 14    Str: 12    XL:     15   Next: 78%
Magic:  23/23      EV:  3    Int: 13    God:    Elyvilon [*****.]
Gold:   2897       SH:  0    Dex: 19    Spells: 13/18 levels left

rFire    . . .     SeeInvis .   a - +2 scimitar (flame)
rCold    . . .     Gourm    .   W - +0 buckler
rNeg     . . .     Faith    .   F - +0 acid dragon scales
rPois    .         Spirit   .   C - +1 helmet
rElec    .         Reflect  .   V - scarf {repulsion}
rCorr    +         Harm     .   x - +0 pair of gloves
MR       +....                  S - +1 pair of boots
Stlth    ++........             f - amulet of regeneration
HPRegen  0.67/turn              j - +2 ring of evasion
MPRegen  0.18/turn              N - +2 ring of evasion {=R}

@: paralysed, drained, repel missiles
A: small, mutation resistance 1
a: Lesser Healing, Heal Other, Purification, Greater Healing, Divine Vigour,
Divine Protection, Renounce Religion


You were on level 1 of the Orcish Mines.
You worshipped Elyvilon.
Elyvilon was extremely pleased with you.
You were not hungry.

You visited 4 branches of the dungeon, and saw 22 of its levels.

You collected 2897 gold pieces.

Inventory:

Hand Weapons
 a - a +2 scimitar of flaming (weapon)
   (You took it off Azrael on level 13 of the Dungeon)
 b - a +0 hunting sling
   (You took it off a goblin on level 4 of the Dungeon)
 c - a +0 blowgun
   (You took it off a kobold on level 11 of the Dungeon)
 d - a +2 dagger of venom
   (You took it off an orc on level 11 of the Dungeon)
 q - a +1 dagger of speed
   (You took it off an orc wizard on level 2 of the Orcish Mines)
Missiles
 h - 518 stones (quivered)
 n - 18 curare-tipped needles
 o - 25 tomahawks
 p - 177 sling bullets
 r - 11 silver tomahawks
 t - 64 poisoned needles
Armour
 x - a +0 pair of gloves (worn)
   (You found it on level 3 of the Dungeon)
 y - a +4 plate armour
   (You took it off an orc knight on level 2 of the Orcish Mines)
 C - a +1 helmet (worn)
   (You took it off Robin on level 2 of the Dungeon)
 F - +0 acid dragon scales (worn)
   (You found it on level 6 of the Lair of Beasts)
 J - a +0 troll leather armour
   (You found it on level 2 of the Orcish Mines)
 L - the +1 robe "Unuanloa" {rN+ MR+ Str+4 Dex-3}
   (You found it on level 3 of the Lair of Beasts)

   It affects your strength (+4).
   It affects your dexterity (-3).
   It protects you from negative energy.
   It affects your resistance to hostile enchantments.
 S - a +1 pair of boots (worn)
   (You found it on level 11 of the Dungeon)
 V - a scarf of repulsion (worn)
   (You found it on level 13 of the Dungeon)
 W - a +0 buckler (worn)
   (You found it on level 10 of the Dungeon)
Jewellery
 f - an amulet of regeneration (around neck)
   (You found it on level 1 of the Dungeon)
 j - a +2 ring of evasion (left hand)
   (You found it on level 13 of the Dungeon)
 u - an uncursed ring of ice
   (You found it on level 3 of the Dungeon)
 E - an uncursed ring of protection from cold
   (You found it on level 2 of the Lair of Beasts)
 G - an uncursed ring of poison resistance
   (You found it on level 7 of the Dungeon)
 N - a +2 ring of evasion (right hand) {=R}
   (You found it on level 8 of the Dungeon)
 Q - an uncursed ring of see invisible
   (You took it off an orc wizard on level 8 of the Dungeon)
 T - a +4 ring of strength
   (You found it on level 2 of the Orcish Mines)
Wands
 B - a wand of enslavement (58)
   (You found it on level 4 of the Dungeon)
 P - a wand of flame (17)
   (You found it on level 8 of the Dungeon)
 R - a wand of paralysis (27)
   (You found it on level 9 of the Dungeon)
 U - a wand of digging (42)
   (You took it off Maurice on level 10 of the Dungeon)
 Z - a wand of iceblast (6)
   (You found it on level 5 of the Lair of Beasts)
Scrolls
 k - 2 scrolls of fog
 s - 4 scrolls of magic mapping
 z - 10 scrolls of teleportation
 A - 7 scrolls of remove curse
 H - 3 scrolls of blinking
 M - a scroll of enchant armour {unknown}
Potions
 e - a potion of flight
 g - 6 potions of might {curing, unknown}
 i - 7 potions of haste
 m - 5 potions of cancellation
 v - 5 potions of lignification
 w - 4 potions of agility
 D - 5 potions of heal wounds
 I - a potion of berserk rage
 O - a potion of resistance
Comestibles
 l - 30 chunks of flesh
 K - 44 rations


   Skills:
 * Level 10.1(8.8) Fighting
 - Level 14.0(12.6) Long Blades
 + Level 10.8(9.5) Armour
 + Level 12.0(10.7) Dodging
 - Level 2.7(1.7) Stealth
 - Level 5.6(4.4) Shields
 - Level 2.0(0.9) Spellcasting
 - Level 4.1(3.0) Conjurations
 * Level 11.8(10.5) Invocations
 - Level 5.0(3.8) Evocations


You had 13 spell levels left.
You knew the following spells:

 Your Spells              Type           Power        Failure   Level  Hunger
x - Searing Ray           Conj           #.....       19%         2    ###....
z - Magic Dart            Conj           #...         13%         1    ##.....
B - Blink                 Tloc           N/A          56%         2    ###....


Dungeon Overview and Level Annotations

Branches:
Dungeon (13/15)            Temple (1/1) D:7            Lair (6/6) D:11
 Shoals (0/4) Lair:4       Spider (0/4) Lair:2        Slime (0/5) Lair:5
    Orc (2/2) D:10            Elf (0/3) Orc:2
 Vaults: D:13-14

Altars:
Ashenzari
Cheibriados
Dithmenos
Elyvilon
Fedhas
Gozag
Hepliaklqana
Kikubaaqudgha
Makhleb
Nemelex Xobeh
Okawaru
Qazlal
Ru
Sif Muna
Trog
Uskayaw
Vehumet
Wu Jian
Xom
Yredelemnul
Zin
The Shining One

Shops:
D:7 :

Annotations:
Orc:2 1 exclusion


Innate Abilities, Weirdness & Mutations

You are small and have problems with some larger weapons.
You are somewhat resistant to further mutation.


Message History

The stone hits the ogre.
The ogre is lightly wounded.
An ogre comes into view. It is wielding a giant club.
Unknown command.
The orc sorcerer mumbles some strange words.
Things that are here:
a trident; a plate armour You start waiting.
You hit the ogre. You burn the ogre.
The ogre is moderately wounded.
The ogre completely misses you.
The orc sorcerer's eyes start to glow.
The orc sorcerer mumbles some strange words.
You slice the ogre!! You burn the ogre!
You kill the ogre!
Throwing (i - inventory. (/) - cycle)
h - 519 stones (quivered)
Press: ? - help, Shift-Dir - straight line, f - hellwing
Aim: a hellwing (summoned)
You throw a stone. The stone hits the hellwing.
The hellwing is lightly wounded.
You slash the hellwing! You burn the hellwing.
The hellwing is moderately wounded.
The hellwing misses you.
You riposte.
You completely miss the hellwing.
The hellwing is moderately wounded.
The hellwing hits you but does no damage.
You block the ogre's attack.
You slash the ogre! You burn the ogre.
The ogre is heavily wounded.
The hellwing completely misses you.
You riposte.
You hit the hellwing but do no damage.
The hellwing is lightly wounded.
The hellwing hits you but does no damage.
The ogre closely misses you.
You slash the ogre! You burn the ogre.
The ogre is almost dead.
You block the hellwing's attack. The hellwing barely misses you.
You barely miss the ogre.
The ogre is almost dead.
The ogre hits you but does no damage.
You hit the ogre. You burn the ogre.
You kill the ogre!
The hellwing closely misses you. The hellwing barely misses you.
The orc sorcerer casts a spell at you. The bolt of fire misses you.
Things that are here:
a trident; a plate armour The hellwing closely misses you.
You riposte.
You hit the hellwing but do no damage.
The hellwing is lightly wounded.
The hellwing misses you.
The orc sorcerer points at you and mumbles some strange words.
The bolt of negative energy hits you!
You feel drained.
Things that are here:
a giant club x2; an ogre corpse The orc sorcerer gestures wildly while chanting.
You closely miss the orc sorcerer.
The hellwing hits you but does no damage.
You block the hellwing's attack. The orc sorcerer completely misses you.
You hit the orc sorcerer. You burn the orc sorcerer.
The orc sorcerer is lightly wounded.
You slice the orc sorcerer!! You burn the orc sorcerer!
The orc sorcerer is almost dead.
The hellwing hits you. The hellwing misses you.
The orc sorcerer howls an incantation.
You feel disoriented. You block the orc sorcerer's attack.
You hit the orc sorcerer but do no damage.
The orc sorcerer is almost dead.
You block the hellwing's attack. The hellwing misses you.
The orc sorcerer hits you but does no damage.
You barely miss the orc sorcerer.
The orc sorcerer is almost dead.
You block the hellwing's attack. The hellwing completely misses you.
The orc sorcerer gestures at you while chanting.
You suddenly lose the ability to move!
The ice devil hits you but does no damage.
The orc sorcerer hits you but does no damage.
The hellwing hits you! The hellwing hits you.
The ice devil hits you but does no damage.
The orc sorcerer casts a spell at you.
Helpless, you fail to dodge the bolt of negative energy.
You feel drained.
The hellwing hits you but does no damage.
The hellwing hits you. The ice devil hits you. The ice devil freezes you!
The orc sorcerer hits you but does no damage.
The hellwing hits you. The hellwing barely misses you.
The ice devil hits you but does no damage.
The orc sorcerer gestures wildly while chanting.
The hellwing hits you but does no damage. x2
The ice devil hits you but does no damage.
The sun demon hits you.
* * * LOW HITPOINT WARNING * * *
You are engulfed in flames!
* * * LOW HITPOINT WARNING * * *
The hellwing hits you but does no damage.
The hellwing hits you.
* * * LOW HITPOINT WARNING * * *
The orc sorcerer completely misses you.
The ice devil hits you but does no damage.
The sun demon hits you!
You die...

#.#..... .O.....
...... ....# #...#
##...# #...# ###o..#
#### ###3@4.##
#≈§##### #≈≈≈4)##
#§≈§##.###
##§≈...#####≈≈≈.....#
#§≈≈..)##≈##........
###....).......≈#.).
#####)).§≈.######.
##§§§§≈# #. ##≈§###
#≈ #### ## ##.#######
#≈ #....##..####


You could see a sun demon, a hellwing, an ice devil and an orc sorcerer.

Vanquished Creatures
  A stone giant (Orc:1)
  Azrael (D:13)
  2 fire dragons (Lair:6)
  An ice dragon (Lair:4)
  3 hydras (Lair:6 D:12 D:13)
  A catoblepas (Lair:6)
  2 centaur warriors (D:12 D:13)
  A tengu warrior (D:13)
  6 death yaks (Lair:4 Lair:5)
  3 two-headed ogres (D:11 D:12 D:13)
  Urug (Lair:5)
  Sonja (D:13)
  An orc high priest (Orc:2)
  A flayed ghost (D:13)
  Sigmund (D:6)
  3 unseen horrors (D:10 D:11 D:12)
  A swamp dragon (Lair:6)
  3 lindwurms (Lair:3 Lair:6)
  2 deep elf magi (D:13)
  7 orc knights (D:11 Orc:2 Orc:1)
  2 orc sorcerers (Orc:2)
  An oklob plant (Lair:4)
  A cyclops (Orc:1)
  2 manticores (Lair:4 D:12)
  7 elephants (Lair:1 Lair:3)
  Joseph (D:7)
  Maurice (D:10)
  2 black mambas (Lair:6)
  9 spiny frogs (Lair:1 Lair:2 Lair:3 Lair:4 Lair:5)
  2 centaur skeletons (D:10 D:13)
  5 torpor snails (Lair:6)
  A gargoyle (D:10)
  5 komodo dragons (Lair:1 Lair:5 Lair:6)
  A rime drake (Lair:6)
  A kobold demonologist (D:12)
  A tengu conjurer (D:13)
  A queen bee (Lair:1)
  4 trolls (Orc:2 Orc:1)
  8 hornets (D:9 Lair:6 D:12)
  2 polar bears (Lair:1 Lair:5)
  2 jumping spiders (Lair:2)
  6 slime creatures (D:12 D:11)
  3 tyrant leeches (Lair:6)
  8 blink frogs (Lair:5 Lair:6)
  4 hippogriffs (Lair:3 Lair:4 Lair:5 D:13)
  A wraith (D:12)
  40 yaks (D:8 Lair:2 Lair:3 Lair:5 D:12)
  5 redbacks (Lair:1 Lair:2)
  2 wyverns (Lair:2 D:10)
  4 hogs (D:9)
  4 steam dragons (Lair:4 Lair:6)
  4 fire elementals (D:13)
  A hungry ghost (D:8)
  A human (D:9)
  2 vampire mosquitoes (D:11)
  4 wargs (Orc:2)
  An acid dragon (Lair:6)
  A soldier ant (D:12)
  11 water moccasins (D:5 Lair:1 Lair:3 Lair:4 Lair:5)
  2 swamp drakes (Lair:6)
  4 hell hounds (D:13)
  29 orc warriors (D:8 Lair:1 D:11 D:12 Orc:1)
  A sky beast (D:5)
  4 porcupines (Lair:1 Lair:3 Lair:5)
  3 ice beasts (D:8 D:10 D:12)
  A phantom (D:13)
  A necrophage (D:12)
  10 centaurs (D:5 D:8 D:9 D:10 D:11)
  11 ogres (D:7 D:12 Orc:2 Orc:1)
  18 wolves (Lair:5 Lair:4 Lair:6)
  20 crocodiles (D:8 Lair:1 Lair:2 Lair:3 Lair:4)
  2 big kobolds (D:9 D:11)
  14 bullfrogs (D:7 D:11 Lair:1 Lair:3 Lair:4)
  A wyvern skeleton (D:10)
  3 scorpions (D:5 D:9)
  33 killer bees (D:9 D:10 D:11 Lair:1)
  13 wights (D:6 D:7 Lair:1)
  A howler monkey (D:11)
  An electric eel (D:8)
  5 crimson imps (D:5 D:7 D:11)
  3 hounds (D:6 D:8 D:11)
  2 centaur zombies (D:5 D:11)
  A gnoll shaman (D:8)
  A jelly (D:9)
  15 orc priests (D:4 Orc:1 Orc:2)
  26 orc wizards (D:4 D:3 D:7 D:8 D:12)
  9 iguanas (D:4 D:8 D:10 D:11 Lair:6)
  5 worker ants (D:6 D:7 D:11)
  A hound zombie (D:10)
  2 hound skeletons (D:8 D:11)
  A worker ant zombie (D:8)
  Robin (D:2)
  8 gnolls (D:8 D:9)
  15 adders (D:3 D:2 D:4 D:5 D:6)
  3 shadow imps (D:4 D:6 D:12)
  5 white imps (D:8 Lair:4)
  A howler monkey simulacrum (D:8)
  A worker ant simulacrum (D:8)
  An ooze (D:4)
  An adder skeleton (D:4)
  3 worms (D:2 D:3)
  3 dart slugs (D:1 D:3 D:4)
  A leopard gecko (D:4)
  77 orcs (D:4 D:3 D:6 D:7 D:8)
  6 bats (D:1 D:2)
  3 giant cockroaches (D:1 D:4)
  14 goblins (D:2 D:1 D:3 D:4)
  21 hobgoblins (D:1 D:2 D:3 D:4 D:11)
  13 jackals (D:3 D:6 D:7)
  4 quokkas (D:2 D:3 D:12)
  4 ball pythons (D:2 D:3 D:8)
  3 frilled lizards (D:1 D:4)
  A jackal zombie (D:8)
  19 kobolds (D:1 D:3 D:2 D:9 D:11)
  A leopard gecko skeleton (D:4)
  A quokka skeleton (D:7)
  10 rats (D:1 D:3 D:2)
  2 bushes (Lair:4)
  A plant (Lair:6)
669 creatures vanquished.

Vanquished Creatures (collateral kills)
  A two-headed ogre (D:6)
1 creature vanquished.

Vanquished Creatures (others)
  Snorg (Lair:6)
  A spiny frog (Lair:1)
  14 fungi (Lair:3 Lair:5 Lair:6)
  31 plants (Lair:3 Lair:5 Lair:6)
47 creatures vanquished.

Grand Total: 717 creatures vanquished

Notes
Turn   | Place    | Note
-------+----------+-------------------------------------------
     0 | D:1      | stickyfingers the Halfling Conjurer began the quest for the Orb.
     0 | D:1      | Reached XP level 1. HP: 11/11 MP: 3/3
   276 | D:1      | Reached XP level 2. HP: 17/17 MP: 2/4
   328 | D:1      | Learned a level 2 spell: Searing Ray
   429 | D:1      | Reached skill level 2 in Spellcasting
   852 | D:2      | Reached XP level 3. HP: 18/21 MP: 0/6
   907 | D:2      | You fall through a shaft!
  1014 | D:2      | Reached skill level 4 in Conjurations
  1112 | D:2      | Noticed Robin
  1179 | D:1      | Reached XP level 4. HP: 27/27 MP: 4/7
  1417 | D:2      | Killed Robin
  1497 | D:2      | Reached skill level 3 in Dodging
  1605 | D:2      | Found a snail-covered altar of Cheibriados.
  1734 | D:2      | Found a shimmering altar of Xom.
  1735 | D:2      | Found a shimmering altar of Xom.
  1735 | D:2      | Found a shimmering altar of Xom.
  1736 | D:2      | Found a shimmering altar of Xom.
  1736 | D:2      | Found a shimmering altar of Xom.
  1738 | D:2      | Found a shimmering altar of Xom.
  1738 | D:2      | Found a shimmering altar of Xom.
  1738 | D:2      | Found a shimmering altar of Xom.
  1755 | D:2      | Reached XP level 5. HP: 28/31 MP: 8/8
  1969 | D:3      | Reached skill level 1 in Long Blades
  2675 | D:3      | Reached skill level 2 in Long Blades
  2773 | D:4      | Found a deep blue altar of Sif Muna.
  2836 | D:4      | Reached XP level 6. HP: 36/36 MP: 5/9
  2994 | D:4      | Reached skill level 4 in Dodging
  3034 | D:4      | Reached skill level 3 in Long Blades
  3284 | D:4      | Found a shimmering altar of Xom.
  3428 | D:4      | Reached skill level 4 in Long Blades
  3428 | D:4      | Reached XP level 7. HP: 37/41 MP: 4/10
  3678 | D:5      | Entered Level 5 of the Dungeon
  3774 | D:5      | Reached skill level 5 in Long Blades
  4112 | D:5      | Reached skill level 6 in Long Blades
  4168 | D:5      | Found a sacrificial altar of Ru.
  4187 | D:5      | Found an iron altar of Okawaru.
  4506 | D:5      | Reached XP level 8. HP: 47/47 MP: 11/11
  4760 | D:5      | Reached skill level 1 in Fighting
  4932 | D:6      | Noticed a two-headed ogre
  5026 | D:6      | Found a stormy altar of Qazlal.
  5225 | D:6      | Reached skill level 2 in Fighting
  5272 | D:6      | Noticed Sigmund
  5289 | D:6      | Killed a two-headed ogre
  5289 | D:6      | Reached skill level 3 in Fighting
  5289 | D:6      | Reached skill level 7 in Long Blades
  5457 | D:6      | Reached skill level 4 in Fighting
  5457 | D:6      | Reached XP level 9. HP: 58/58 MP: 1/12
  5485 | D:6      | Identified a book of Minor Magic
  5537 | D:7      | Noticed Joseph
  5623 | D:7      | Reached skill level 8 in Long Blades
  5686 | D:7      | Found a staircase to the Ecumenical Temple.
  5694 | Temple   | Entered the Ecumenical Temple
  5717 | Temple   | Became a worshipper of Elyvilon the Healer
  5892 | D:7      | Found a hazy altar of Hepliaklqana.
  6106 | D:7      | HP: 12/59 [orc warrior/battleaxe (14)]
  6423 | D:7      | HP: 13/59 [Joseph/uncursed enchanted quarterstaff (10)]
  6506 | D:7      | Killed Joseph
  6506 | D:7      | Reached skill level 5 in Fighting
  6585 | D:7      | Reached * piety under Elyvilon
  6758 | D:7      | Reached skill level 9 in Long Blades
  6872 | D:7      | Found Qarchac's Book Boutique.
  6946 | D:7      | HP: 15/61 [orc warrior/battleaxe (22)]
  7472 | D:8      | Reached ** piety under Elyvilon
  7738 | D:8      | Found a bloodstained altar of Trog.
  7738 | D:8      | Found a glowing golden altar of the Shining One.
  8053 | D:8      | Reached skill level 10 in Long Blades
  8055 | D:8      | Reached XP level 10. HP: 66/66 MP: 13/13
  8700 | D:9      | Reached skill level 11 in Long Blades
  8856 | D:9      | Reached skill level 1 in Invocations
  8936 | D:9      | Reached skill level 2 in Invocations
  9077 | D:9      | Reached *** piety under Elyvilon
  9369 | D:9      | Reached skill level 3 in Invocations
  9464 | D:9      | Reached skill level 4 in Invocations
  9650 | D:10     | Entered Level 10 of the Dungeon
  9683 | D:10     | Reached skill level 5 in Invocations
  9737 | D:10     | Noticed a gargoyle
  9815 | D:10     | Noticed Maurice
  9820 | D:10     | Killed Maurice
  9820 | D:10     | Reached skill level 12 in Long Blades
  9925 | D:10     | Found a flagged portal.
  9928 | D:10     | the portal is a mimic!
  9960 | D:10     | Found a staircase to the Orcish Mines.
  9994 | D:10     | Reached XP level 11. HP: 70/72 MP: 15/15
  9997 | D:10     | Reached **** piety under Elyvilon
 10032 | D:11     | Noticed a two-headed ogre
 10061 | D:11     | Found a staircase to the Lair.
 10073 | Lair:1   | Entered Level 1 of the Lair of Beasts
 10183 | Lair:1   | Learned a level 2 spell: Blink
 10293 | Lair:1   | Reached skill level 1 in Shields
 10464 | Lair:1   | Reached skill level 2 in Shields
 10686 | Lair:1   | Reached skill level 3 in Shields
 10771 | Lair:1   | HP: 12/72 [komodo dragon (25)]
 10877 | Lair:1   | Reached skill level 4 in Shields
 10930 | Lair:1   | Noticed an elephant
 10977 | Lair:1   | HP: 19/72 [spiny frog (20)]
 11011 | Lair:1   | Killed an elephant
 11032 | Lair:1   | Reached skill level 5 in Shields
 11232 | Lair:1   | Reached skill level 13 in Long Blades
 11559 | Lair:1   | Reached skill level 5 in Dodging
 11578 | Lair:1   | HP: 18/72 [killer bee (7)]
 11583 | Lair:1   | HP: 16/72 [poisoned by a killer bee]
 11588 | Lair:1   | HP: 13/72 [poisoned by a killer bee]
 11593 | Lair:1   | HP: 9/72 [poisoned by a killer bee]
 11598 | Lair:1   | HP: 8/72 [poisoned by a killer bee]
 11604 | Lair:1   | HP: 8/72 [poisoned by a killer bee]
 11609 | Lair:1   | HP: 9/72 [poisoned by a killer bee]
 11616 | Lair:1   | HP: 12/72 [poisoned by a killer bee]
 11624 | Lair:1   | HP: 14/72 [poisoned by a killer bee]
 12016 | Lair:2   | Reached skill level 6 in Dodging
 12033 | Lair:2   | Found a hole to the Spider Nest.
 12089 | Lair:2   | Reached XP level 12. HP: 53/77 MP: 14/16
 12949 | Lair:3   | Reached skill level 7 in Dodging
 13299 | Lair:3   | Reached skill level 14 in Long Blades
 13353 | Lair:3   | Reached skill level 1 in Armour
 13353 | Lair:3   | Reached skill level 8 in Dodging
 13395 | Lair:3   | Reached skill level 2 in Armour
 13438 | Lair:3   | Reached skill level 3 in Armour
 13602 | Lair:3   | Reached ***** piety under Elyvilon
 13608 | Lair:3   | Got a smoking robe
 13619 | Lair:3   | Identified the +1 robe "Unuanloa" {rN+ MR+ Str+4 Dex-3} (You found it on level 3 of the Lair of Beasts)
 13641 | Lair:3   | Reached skill level 4 in Armour
 13859 | Lair:3   | Reached skill level 5 in Armour
 13928 | Lair:3   | Reached skill level 9 in Dodging
 14475 | D:10     | Noticed an unseen horror
 14507 | D:10     | Killed an unseen horror
 14507 | D:10     | Reached skill level 6 in Armour
 15302 | D:6      | Killed Sigmund
 15302 | D:6      | Reached skill level 1 in Evocations
 15302 | D:6      | Reached XP level 13. HP: 81/81 MP: 17/17
 15525 | D:11     | Identified a book of Cantrips
 15586 | D:11     | Identified a book of Unlife
 15754 | D:11     | Reached skill level 7 in Armour
 16007 | D:11     | Found a sparkling altar of Nemelex Xobeh.
 16314 | D:11     | Reached skill level 2 in Evocations
 16504 | Lair:4   | Reached skill level 3 in Evocations
 16570 | Lair:4   | Noticed an ice dragon
 16640 | Lair:4   | Killed an ice dragon
 16996 | Lair:4   | Reached skill level 8 in Armour
 17005 | Lair:4   | Found a staircase to the Shoals.
 17337 | Lair:5   | Reached skill level 4 in Evocations
 17532 | Lair:5   | Reached skill level 6 in Invocations
 17709 | Lair:5   | Reached skill level 10 in Dodging
 17784 | Lair:5   | Noticed Urug
 17913 | Lair:5   | Killed Urug
 18082 | Lair:5   | Reached skill level 5 in Evocations
 18387 | Lair:5   | Reached skill level 7 in Invocations
 18657 | Lair:5   | Reached skill level 6 in Fighting
 18899 | Lair:5   | Reached XP level 14. HP: 73/90 MP: 19/19
 18993 | Lair:5   | Found a staircase to the Slime Pits.
 19359 | Lair:6   | Entered Level 6 of the Lair of Beasts
 19428 | Lair:6   | Reached skill level 9 in Armour
 19588 | Lair:6   | Reached skill level 8 in Invocations
 19913 | Lair:6   | Found a runed door.
 20010 | Lair:6   | Reached skill level 7 in Fighting
 20320 | Lair:6   | Reached ****** piety under Elyvilon
 20670 | Lair:6   | HP: 26/92 [crocodile (10)]
 20801 | Lair:6   | Found a shadowy altar of Dithmenos.
 20813 | Lair:6   | Reached skill level 9 in Invocations
 21230 | Lair:6   | Reached skill level 11 in Dodging
 21345 | Lair:6   | Identified a book of the Tempests
 21637 | Lair:6   | Reached skill level 8 in Fighting
 21773 | Lair:6   | Noticed Snorg
 21785 | Lair:6   | Your ally died
 23048 | D:11     | Reached skill level 10 in Invocations
 23385 | D:12     | Found a white marble altar of Elyvilon.
 23627 | D:12     | HP: 22/95 [centaur warrior/arrow (18)]
 23651 | D:12     | Reached skill level 10 in Armour
 23695 | D:12     | Reached XP level 15. HP: 87/100 MP: 22/22
 24239 | D:13     | Reached skill level 9 in Fighting
 24515 | D:13     | Identified a book of Changes
 24988 | D:13     | Noticed Azrael
 25038 | D:13     | Noticed Sonja
 25052 | D:13     | Killed Azrael
 25052 | D:13     | Reached skill level 11 in Invocations
 25062 | D:13     | Killed Sonja
 25203 | Orc:1    | Entered Level 1 of the Orcish Mines
 25313 | Orc:2    | Entered Level 2 of the Orcish Mines
 25482 | Orc:2    | Found a staircase to the Elven Halls.
 26707 | Orc:1    | Reached skill level 12 in Dodging
 26734 | Orc:1    | Noticed a stone giant
 26832 | Orc:1    | Killed a stone giant
 26832 | Orc:1    | Reached skill level 10 in Fighting
 27292 | Orc:1    | Paralysed by an orc sorcerer for 6 turns
 27297 | Orc:1    | HP: 30/103 [sun demon[an orc sorcerer] (6)]
 27297 | Orc:1    | HP: 13/103 [hellwing[an orc sorcerer] (2)]
 27298 | Orc:1    | Slain by a sun demon

Vault maps used:
D:1:      eino_arrival_cavern_e
D:2:      lemuel_round_altar, minmay_misc_feat_five, xom_redecorated, uniq_robin
D:3:      nicolae_underground_beach
D:4:      kennysheep_the_goblin_king, kennysheep_mini_moat,
          nicolae_overflow_hidden_temple
D:5:      okawaru_metal_pillars_3, nicolae_ru_awakened_eye, first_ration
D:6:      lemuel_coloured_pillars_altar, grunt_potential, uniq_sigmund
D:7:      lemuel_doored_altar, minmay_temple_entry_statues_fountains,
          serial_shops, shop, uniq_joseph
D:8:      gammafunk_temple_overflow_wave, serial_ice, serial_ice_h,
          serial_ice_k, serial_ice_b, serial_ice_a
D:9:      grunt_livestock
D:10:     orc_0_dummy, enter_bailey_2, minmay_misc_feat_roman, uniq_maurice
D:11:     cheibrodos_orc_bank, lair_entry_dummy, st_stairs_10,
          nemelex_xobeh_ov_fountains_minmay
D:12:     serial_aquarium, aquarium_bridge_island_large,
          aquarium_bridge_long_separate, aquarium_window_1,
          aquarium_window_fake, aquarium_window_fake, aquarium_window_2,
          aquarium_view_2d, aquarium_view_2d, aquarium_balcony_3a,
          elyvilon_altar_1
D:13:     uniq_sonja, uniq_azrael
Temple:   dshaligram_water_room_temple
Lair:1:   special_room, hangedman_lair_generics_rect
Lair:2:   nicolae_spider_entry_tight_spaces
Lair:4:   minmay_shoals_entry_beasts, minmay_lair_oklob_bushes,
          bobbens_ice_dragon_lair
Lair:5:   dpeg_slime_entry_corner, patterned_corridor, grunt_megastairs_2,
          serial_bayou_shore_b, infiniplex_staircase_pool, uniq_urug
Lair:6:   guppyfry_lair_end_dragon, wormcave, lemuel_centaur_altar, uniq_snorg
Orc:1:    nicolae_orc_lava_tube
Orc:2:    grunt_orc_tribal_feast, nooodl_orcs_dogs

Skill      XL: |  1  2  3  4  5  6  7  8  9 10 11 12 13 14 15 |
---------------+----------------------------------------------+-----
Spellcasting   | 2 |  2.0
Conjurations   | 4 |  4.1
Dodging        | 3 4 6 9 10 11 12 | 12.0
Long Blades    | 2 4 6 7 10 12 13 14 | 14.0
Fighting       | 4 5 6 8 10 | 10.1
Invocations    | 5 7 10 11 | 11.8
Shields        | 5 |  5.6
Armour         | 6 8 10 | 10.8
Evocations     | 1 5 |  5.0
Stealth        | |  2.7

Action                   |  1- 3 |  4- 6 |  7- 9 | 10-12 | 13-15 || total
-------------------------+-------+-------+-------+-------+-------++-------
Melee: Dagger            |    19 |    20 |     1 |     3 |   448 ||   491
       Falchion          |       |   108 |   243 |   308 |       ||   659
       Long sword        |       |       |       |   767 |  1450 ||  2217
       Scimitar          |       |       |       |       |   561 ||   561
 Fire: Shortbow          |       |       |   100 |    57 |       ||   157
       Hunting sling     |       |       |       |     4 |   181 ||   185
       Blowgun           |       |       |       |       |    25 ||    25
Throw: Stone             |     1 |    90 |    22 |   105 |   182 ||   400
 Cast: Magic Dart        |    50 |    17 |    19 |    19 |       ||   105
       Searing Ray       |     4 |     9 |     5 |       |       ||    18
Invok: Heal Other        |       |       |       |     5 |       ||     5
       Lesser Healing    |       |       |       |     2 |     6 ||     8
       Greater Healing   |       |       |       |     1 |    19 ||    20
       Divine Vigour     |       |       |       |       |     1 ||     1
Evoke: Wand              |       |       |     5 |     3 |     4 ||    12
  Use: Scroll            |     2 |     2 |     3 |    12 |     5 ||    24
       Potion            |       |       |     1 |       |       ||     1
 Stab: Sleeping          |       |     2 |     1 |     2 |     2 ||     7
       Paralysed         |       |       |       |     3 |     7 ||    10
       Confused          |       |       |       |       |     3 ||     3
       Distracted        |       |       |       |       |     1 ||     1
  Eat: Chunk             |     2 |     8 |    11 |    21 |    43 ||    85
       Ration            |       |       |     2 |     2 |     3 ||     7
Armor: Robe              |    18 |    20 |       |     5 |     8 ||    51
       Ring mail         |       |       |    57 |   218 |   185 ||   460
       Skin              |       |       |    14 |       |       ||    14
       Acid dragon scale |       |       |       |       |   181 ||   181
       Fire dragon scale |       |       |       |       |    16 ||    16
Dodge: Dodged            |    59 |   111 |   161 |   802 |  1703 ||  2836
       Deflected         |       |       |       |       |     7 ||     7
Block: Buckler           |       |       |       |   215 |   629 ||   844
       Rpst.: Falchion   |       |    32 |    44 |    78 |       ||   154
       Long sword        |       |       |       |   151 |   248 ||   399
       Scimitar          |       |       |       |       |    98 ||    98

Table legend:
 A = Spawn XP
 B = Non-spawn XP
 C = Spawn XP percentage of total XP
 D = Spawn monster count
 E = Non-spawn monster count
 F = Spawn count percentage of total count
 G = Total turns spent on level
                    A         B        C        D         E        F      G
               +---------+---------+-------+---------+---------+-------+---------
         Total |       0 |  100297 |   0.0 |       0 |     667 |   0.0 | 27298
               +---------+---------+-------+---------+---------+-------+---------
           D:1 |       0 |      43 |   0.0 |       0 |      24 |   0.0 |  1189
           D:2 |       0 |     102 |   0.0 |       0 |      24 |   0.0 |   670
           D:3 |       0 |     164 |   0.0 |       0 |      26 |   0.0 |  1031
           D:4 |       0 |     273 |   0.0 |       0 |      25 |   0.0 |   916
           D:5 |       0 |     581 |   0.0 |       0 |       7 |   0.0 |  1219
           D:6 |       0 |    1658 |   0.0 |       0 |      17 |   0.0 |  1102
           D:7 |       0 |    1030 |   0.0 |       0 |      16 |   0.0 |  1421
           D:8 |       0 |    1415 |   0.0 |       0 |      32 |   0.0 |  1272
           D:9 |       0 |    1886 |   0.0 |       0 |      24 |   0.0 |  1024
          D:10 |       0 |    2978 |   0.0 |       0 |      18 |   0.0 |  1008
          D:11 |       0 |    5597 |   0.0 |       0 |      55 |   0.0 |  1504
          D:12 |       0 |    8335 |   0.0 |       0 |      37 |   0.0 |  1170
          D:13 |       0 |   10952 |   0.0 |       0 |      26 |   0.0 |  1107
        Lair:1 |       0 |    4580 |   0.0 |       0 |      42 |   0.0 |  1830
        Lair:2 |       0 |    3046 |   0.0 |       0 |      13 |   0.0 |  1120
        Lair:3 |       0 |    8260 |   0.0 |       0 |      32 |   0.0 |  1577
        Lair:4 |       0 |    5244 |   0.0 |       0 |      22 |   0.0 |  1306
        Lair:5 |       0 |   12303 |   0.0 |       0 |      41 |   0.0 |  1776
        Lair:6 |       0 |   16729 |   0.0 |       0 |      55 |   0.0 |  2829
         Orc:1 |       0 |    6402 |   0.0 |       0 |      48 |   0.0 |   837
         Orc:2 |       0 |    8719 |   0.0 |       0 |      83 |   0.0 |  1258
               +---------+---------+-------+---------+---------+-------+---------
